 Dungeon Crawl Stone Soup version 0.29-a0-330-g52719c12eb (webtiles) character file.

Game seed: 4868703830945902512

1853 kae the Cleaver (level 9, -1/70 HPs)
             Began as a Hill Orc Fighter on May 8, 2022.
             Slain by a gnoll
             ... wielding a +0 halberd
              (5 damage)
             ... on level 7 of the Dungeon.
             The game lasted 00:03:44 (5147 turns).

kae the Cleaver (Hill Orc Fighter)                  Turns: 5147, Time: 00:03:44

Health: -1/70      AC:  5    Str: 22 (23) XL:     9   Next: 12%
Magic:  9/9        EV:  5    Int:  8      God:
Gold:   279        SH:  0    Dex: 14 (16) Spells: 8/8 levels left

rFire   . . .      SeeInvis +   a - +1 war axe
rCold   . . .      Faith    .   c - +0 buckler
rNeg    . . .      Spirit   .   b - +0 scale mail
rPois   +          Reflect  .   (no helmet)
rElec   .          Harm     .   g - +1 cloak
rCorr   .          Rampage  .   (no gloves)
Will    .....                   (no boots)
Stlth   ..........              h - amulet of magic regeneration
HPRegen 0.21/turn               n - ring of poison resistance
MPRegen 0.51/turn               q - ring "Sugeh" {Dex+6 SInv}

@: brilliant, corroded, held
A: no striking features
a: no special abilities


You were on level 7 of the Dungeon.
You visited 1 branch of the dungeon, and saw 7 of its levels.

You collected 279 gold pieces.

Inventory:

Hand Weapons
 a - a +1 war axe (weapon)
Armour
 b - a +0 scale mail (worn)
 c - a +0 buckler (worn)
 g - a +1 cloak (worn)
Jewellery
 h - an amulet of magic regeneration (around neck)
 m - a ring of resist corrosion
 n - a ring of poison resistance (left hand)
 q - the ring "Sugeh" (right hand) {Dex+6 SInv}
   (You found it on level 4 of the Dungeon)

   [ring of dexterity]

   Dex:       It affects your dexterity (+6).
   SInv:      It lets you see invisible.
Scrolls
 e - a scroll of enchant weapon
 k - a scroll of amnesia
 p - 2 scrolls of noise
Potions
 f - a potion of curing
 o - a potion of degeneration
 r - a potion of flight
 s - 2 potions of haste


   Skills:
 - Level 3.6 Fighting
 + Level 14.9 Axes
 - Level 3.2 Armour
 - Level 3.2 Shields


You had 8 spell levels left.
You didn't know any spells.
Your spell library contained the following spells:

 Spells                   Type           Power      Damage    Failure   Level
 Inner Flame              Hex/Fire       0%         N/A       99%         3
 Cause Fear               Hex            0%         N/A       100%        4
 Discord                  Hex            0%         N/A       100%        8


Dungeon Overview and Level Annotations

Branches:
Dungeon (6/15)
 Temple: D:4-7

Altars:
Dithmenos
Fedhas
Sif Muna
Wu Jian
Xom

Shops:
D:4 *   D:5 (   D:6 =

Annotations:
D:4 2 transporters


Message History

The gnoll hits you but does no damage. You block the jelly's attack.
You block the gnoll's attack.
You slash the gnoll!
You kill the gnoll!
You barely miss the jelly. The gnoll hits you but does no damage.
The gnoll shaman calls upon its god to speed up the gnoll.
The gnoll seems to speed up.
The jelly hits you. The acid corrodes you!
You are splashed with acid!
You hit the jelly but do no damage.
Your hands burn!
The jelly is lightly wounded.
The gnoll barely misses you.
The gnoll throws a throwing net.
The throwing net hits you.
You become entangled in the net!
The jelly completely misses you.
You struggle against the net.
The gnoll closely misses you.
The gnoll hits you from afar with a +0 halberd.
The gnoll hits you but does no damage. The jelly hits you but does no damage.
You struggle against the net.
The gnoll barely misses you.
The gnoll hits you from afar with a +0 spear.
The gnoll hits you from afar with a +0 halberd!
The jelly hits you but does no damage.
The gnoll shaman hits you with a +0 whip!
You are too injured to fight recklessly!
You are too injured to fight recklessly!
You are too injured to fight recklessly!
You are too injured to fight recklessly!
You are too injured to fight recklessly!
You are too injured to fight recklessly!
You struggle against the net.
The gnoll hits you but does no damage.
The gnoll hits you from afar with a +0 halberd!
* * * LOW HITPOINT WARNING * * *
The gnoll barely misses you. The gnoll shaman barely misses you.
The jelly completely misses you.
It was a potion of brilliance.
You feel clever all of a sudden.
The gnoll hits you from afar with a +0 halberd!
* * * LOW HITPOINT WARNING * * *
The gnoll hits you from afar with a +0 spear.
* * * LOW HITPOINT WARNING * * *
The gnoll hits you from afar with a +0 halberd.
You die...

.....####.....# #...
..#### ##...#######....
..# ####..............
.... ...................
........................
.......................#
...............[.......#
.............J......
#####......g@).)....
#####....)!.....
#...gg......
#............
............##
..............#
...............
##.............


You could see a gnoll shaman, a jelly and 2 gnolls.

Vanquished Creatures
  4 vampire mosquitoes (D:5)
  2 ogres (D:5)
  2 sky beasts
  A centaur (D:6)
  2 phantoms
  2 necrophages
  A scorpion (D:6)
  3 wights (D:7)
  A hound (D:5)
  3 orc priests (D:5)
  Terence (D:3)
  3 iguanas (D:5)
  2 orc wizards
  3 gnolls (D:7)
  6 adders
  A white imp (D:5)
  2 ufetubi
  2 worms (D:2)
  A dart slug (D:4)
  13 orcs
  8 ball pythons
  5 bats
  5 endoplasms
  3 giant cockroaches
  8 goblins
  3 hobgoblins
  3 jackals (D:1)
  6 quokkas
  5 frilled lizards
  6 kobolds
  A rat (D:2)
108 creatures vanquished.

Notes
Turn   | Place    | Note
-------+----------+-------------------------------------------
     0 | D:1      | kae the Hill Orc Fighter began the quest for the Orb.
     0 | D:1      | Reached XP level 1. HP: 19/19 MP: 1/1
    74 | D:1      | Reached skill level 3 in Axes
    77 | D:1      | Reached XP level 2. HP: 25/26 MP: 2/2
   270 | D:1      | Reached skill level 4 in Axes
   920 | D:2      | Reached XP level 3. HP: 31/31 MP: 3/3
  1022 | D:2      | Reached skill level 5 in Axes
  1899 | D:3      | Found a shimmering blue altar of Sif Muna.
  1948 | D:3      | Reached XP level 4. HP: 39/39 MP: 4/4
  1984 | D:3      | Noticed Terence
  1992 | D:3      | Killed Terence
  1993 | D:3      | Reached skill level 6 in Axes
  2280 | D:3      | Found a blossoming altar of Fedhas.
  2286 | D:3      | Found a shadowy altar of Dithmenos.
  2291 | D:3      | Found an ornate altar of the Wu Jian Council.
  2598 | D:4      | Found Bosit's Neck Hole.
  2600 | D:4      | Reached XP level 5. HP: 43/45 MP: 5/5
  2632 | D:4      | Found a transporter.
  2641 | D:4      | Reached skill level 7 in Axes
  2971 | D:4      | Reached skill level 8 in Axes
  2971 | D:4      | Reached XP level 6. HP: 42/51 MP: 6/6
  3040 | D:4      | Found a transporter.
  3056 | D:4      | Identified the ring "Sugeh" {Dex+6 SInv}
  3198 | D:5      | Entered Level 5 of the Dungeon
  3303 | D:5      | Reached skill level 9 in Axes
  3354 | D:5      | Reached XP level 7. HP: 41/57 MP: 7/7
  3360 | D:5      | Reached skill level 10 in Axes
  3587 | D:5      | Found Fof Rut's Weapon Shop.
  3718 | D:5      | Noticed a vampire mosquito
  3718 | D:5      | Noticed a vampire mosquito
  3718 | D:5      | Noticed a vampire mosquito
  3719 | D:5      | Noticed a vampire mosquito
  3732 | D:5      | Killed a vampire mosquito
  3733 | D:5      | Reached skill level 11 in Axes
  3740 | D:5      | Killed a vampire mosquito
  3741 | D:5      | Reached XP level 8. HP: 18/64 MP: 8/8
  3744 | D:5      | Reached skill level 12 in Axes
  4277 | D:5      | Reached skill level 13 in Axes
  4435 | D:5      | Identified the +0 ring mail of Dramatic Exits {rElec rPois
                  | Slay-6}
  4863 | D:6      | Reached skill level 14 in Axes
  4888 | D:6      | Reached XP level 9. HP: 39/70 MP: 9/9
  4890 | D:6      | Found a shimmering altar of Xom.
  4912 | D:6      | Found Wisuse's Jewellery Shop.
  4986 | D:6      | You fall into a shaft and drop 1 floor!
  5147 | D:7      | Slain by a gnoll

Illustrated notes

Levels and vault maps discovered:
D:1:      psy_arrival_basics, layout_loops_ring, minmay_tetromino_l2
D:2:      wander_river, layout_basic, st_stairs_13
D:3:      layout_basic, nicolae_sif_muna_condensation,
          minmay_overflow_temple_star_quad, dk_noncrumbling_3, uniq_terence
D:4:      gammafunk_wand_slinger, layout_loops_ring,
          nicolae_shop_sticking_my_neck_out
D:5:      layout_loops_cross, serial_shops, nicolae_shop_bloodbath_and_beyond
D:6:      layout_cave_pods, dk_xom_monty_hall, enter_ossuary_2, serial_shops,
          nicolae_lakefront_shop, shop
D:7:      layout_layer_cave, minmay_temple_entry_slanted, minmay_checkerbox,
          uniq_pikel, uniq_joseph

Skill      XL: |  1  2  3  4  5  6  7  8 |
---------------+-------------------------+-----
Axes           | 3 4 5 6 8 9 11 14 | 14.9
Fighting       | |  3.6
Armour         | |  3.2
Shields        | |  3.2

Action                   |  1- 3 |  4- 6 |  7- 9 || total
-------------------------+-------+-------+-------++-------
Melee: War axe           |    81 |   121 |   130 ||   332
  Use: Potion            |       |       |     6 ||     6
       Scroll            |       |       |     6 ||     6
Armor: Scale mail        |    37 |    49 |    48 ||   134
Dodge: Dodged            |    39 |    48 |    56 ||   143
Block: Buckler           |    13 |    17 |    32 ||    62

Table legend: (Time is in decaauts)
 A = Elapsed time spent in this place.
 B = Non-inter-level travel time spent in this place.
 C = Inter-level travel time spent in this place.
 D = Time resting spent in this place.
 E = Time spent auto-exploring this place.
 F = Levels seen in this place.
 G = Mean time per level.
                   A        B        C        D        E       F      G
               +--------+--------+--------+--------+--------+-----+--------+
         Total |   5170 |   4993 |    177 |    473 |   3690 |   7 |  738.6 |
       Dungeon |   5170 |   4993 |    177 |    473 |   3690 |   7 |  738.6 |
               +--------+--------+--------+--------+--------+-----+--------+

Top non-repeatable levels by time:
     D:5: 1587 daAuts
     D:2: 1002 daAuts
     D:1: 926 daAuts
     D:4: 748 daAuts
     D:3: 567 daAuts
     D:6: 196 daAuts
     D:7: 140 daAuts
